 Dungeon Sprint DCSS version 0.27-a0-79-gcaaa221d37 (webtiles) character file.

Game seed: 7854955222781115495

1369 rocky1 the Fighter (level 8, -2/94 HPs)
             Began as an Ogre Hunter on Jan 15, 2021.
             Was the Champion of Cheibriados.
             Slain by a lindwurm (13 damage)
             ... in the Dungeon (Sprint VII: "The Pits").
             The game lasted 00:05:17 (1219 turns).

rocky1 the Fighter (Ogre Hunter)                    Turns: 1219, Time: 00:05:18

Health: -2/94      AC:  3    Str: 33    XL:     8   Next: 65%
Magic:  10/14      EV: 17    Int: 27    God:    Cheibriados [******]
Gold:   0          SH:  0    Dex: 25    Spells: 7/7 levels left

rFire    . . .     SeeInvis .   r - +2 dire flail (protect)
rCold    . . .     Faith    .   (shield currently unavailable)
rNeg     . . .     Spirit   .   b - +0 robe
rPois    .         Reflect  .   (helmet restricted)
rElec    .         Harm     .   (no cloak)
rCorr    .         Rampage  .   (gloves unavailable)
Will     .....     NoTele   +   (boots unavailable)
Stlth    ++++......             (no amulet)
HPRegen  0.25/turn              (no ring)
MPRegen  0.14/turn              (no ring)

@: very slow
A: large, unfitting armour, tough skin 1
a: Renounce Religion, Bend Time, Temporal Distortion, Slouch, Step From Time


You were in the Dungeon.
You worshipped Cheibriados.
Cheibriados was exalted by your worship.
You visited 1 branch

Inventory:

Hand Weapons
 l - a +1 vorpal broad axe
 r - a +2 dire flail of protection (weapon)
Missiles
 c - 4 large rocks (quivered)
Armour
 b - a +0 robe (worn)
Jewellery
 d - a +3 ring of intelligence
 g - a +3 ring of evasion
Scrolls
 j - a scroll of blinking
 n - 3 scrolls of remove curse
 o - 5 scrolls of amnesia
 p - a scroll of summoning
Potions
 e - 6 potions of curing
 f - 10 potions of heal wounds
 h - 4 potions of magic
 i - 3 potions of might
 k - a potion of mutation
 m - 2 potions of invisibility


   Skills:
 + Level 10.4 Fighting
 + Level 6.9 Maces & Flails
 + Level 8.6 Throwing
 + Level 7.4 Dodging
 + Level 6.4 Stealth
 + Level 8.2 Invocations


You had 7 spell levels left.
You didn't know any spells.
Your spell library was empty.

Dungeon Overview and Level Annotations

Branches:
Dungeon (1/1)

Altars:
Ashenzari
Cheibriados
Dithmenos
Elyvilon
Fedhas
Gozag
Hepliaklqana
Kikubaaqudgha
Makhleb
Nemelex Xobeh
Okawaru
Qazlal
Ru
Sif Muna
Trog
Uskayaw
Vehumet
Wu Jian
Xom
Yredelemnul
Zin
The Shining One
Beogh
Jiyva
Lugonu


Innate Abilities, Weirdness & Mutations

You are too large for most types of armour.
You have tough skin. (AC +1)


Message History

* * * LOW HITPOINT WARNING * * *
You are engulfed in flames!
* * * LOW HITPOINT WARNING * * *
You sock the molten gargoyle!
You destroy the molten gargoyle!
Cheibriados appreciates the change of pace.
Your Fighting skill increases to level 10!
Your Invocations skill increases to level 8!
You see here a +0 flail.
You start resting.
A lindwurm is nearby!
You see here a +0 flail.
You are too injured to fight recklessly!
There is an open gate here.
The lindwurm barely misses you. The lindwurm claws you.
* * * LOW HITPOINT WARNING * * *
The lindwurm claws you.
* * * LOW HITPOINT WARNING * * *
The lindwurm bites you!
You die...

###.......##''#
.##.......##..#
.##.......##..#
###...<...##..####
.##.......##..#..###
.##.......##))#....##
###.......##..'.....#
.###########..'.....+
############..'.@k..#
#....#..[[##..#....##
#....#..[[##..#..###
'....'..).##..####
#....#..))##..#
#....#!!))##..#
###############


You could see a lindwurm.

Vanquished Creatures
  A molten gargoyle (D)
  A rime drake (D)
  An acid dragon (D)
  2 floating eyes (D)
  4 wolves (D)
  2 quasits (D)
  A jelly (D)
  2 orc priests (D)
  A worker ant (D)
  A gnoll (D)
  A river rat (D)
  A white imp (D)
  An adder zombie (D)
  2 leopard geckos (D)
  2 orcs (D)
  A bat skeleton (D)
  2 giant cockroaches (D)
  2 goblins (D)
  A frilled lizard (D)
29 creatures vanquished.

Notes
Turn   | Place    | Note
-------+----------+-------------------------------------------
     0 | D        | rocky1 the Ogre Hunter began the quest for the Orb.
     0 | D        | Reached XP level 1. HP: 22/22 MP: 1/1
    19 | D        | Reached skill level 3 in Fighting
    19 | D        | Reached skill level 1 in Stealth
    37 | D        | Found a bloodstained altar of Trog.
    37 | D        | Found a shimmering blue altar of Sif Muna.
    37 | D        | Found a viscous altar of Jiyva.
    37 | D        | Found a hazy altar of Hepliaklqana.
    37 | D        | Found an opulent altar of Gozag.
    45 | D        | Found a glowing golden altar of the Shining One.
    45 | D        | Found a glowing silver altar of Zin.
    45 | D        | Found a basalt altar of Yredelemnul.
    45 | D        | Found a shimmering altar of Xom.
    45 | D        | Found an ornate altar of the Wu Jian Council.
    45 | D        | Found a sacrificial altar of Ru.
    45 | D        | Found a stormy altar of Qazlal.
    45 | D        | Found an iron altar of Okawaru.
    45 | D        | Found a sparkling altar of Nemelex Xobeh.
    45 | D        | Found a burning altar of Makhleb.
    45 | D        | Found a blossoming altar of Fedhas.
    45 | D        | Found a white marble altar of Elyvilon.
    45 | D        | Found a shadowy altar of Dithmenos.
    45 | D        | Found a snail-covered altar of Cheibriados.
    47 | D        | Found a radiant altar of Vehumet.
    47 | D        | Found a corrupted altar of Lugonu.
    47 | D        | Found a roughly hewn altar of Beogh.
    48 | D        | Found a hide-covered altar of Uskayaw.
    48 | D        | Found an ancient bone altar of Kikubaaqudgha.
    48 | D        | Found a broken altar of Ashenzari.
    56 | D        | Became a worshipper of Cheibriados the Contemplative
   101 | D        | Reached XP level 2. HP: 26/31 MP: 2/2
   101 | D        | Reached * piety under Cheibriados
   149 | D        | Reached ** piety under Cheibriados
   150 | D        | Reached skill level 1 in Invocations
   209 | D        | Reached *** piety under Cheibriados
   209 | D        | Noticed a floating eye
   210 | D        | Reached skill level 4 in Fighting
   210 | D        | Reached skill level 1 in Maces & Flails
   210 | D        | Paralysed by a floating eye for 2 turns
   215 | D        | Reached XP level 3. HP: 39/39 MP: 2/4
   216 | D        | Killed a floating eye
   217 | D        | Reached skill level 5 in Fighting
   217 | D        | Reached skill level 5 in Throwing
   217 | D        | Reached XP level 4. HP: 52/52 MP: 2/6
   217 | D        | Reached XP level 5. HP: 59/59 MP: 2/7
   220 | D        | Reached **** piety under Cheibriados
   311 | D        | Reached skill level 6 in Fighting
   311 | D        | Noticed a wolf
   311 | D        | Noticed a wolf
   319 | D        | Killed a wolf
   319 | D        | Reached ***** piety under Cheibriados
   320 | D        | Reached skill level 7 in Fighting
   320 | D        | Reached skill level 5 in Dodging
   320 | D        | Reached skill level 5 in Invocations
   320 | D        | Reached XP level 6. HP: 59/71 MP: 9/9
   334 | D        | Reached skill level 8 in Fighting
   339 | D        | Reached skill level 5 in Maces & Flails
   522 | D        | Reached ****** piety under Cheibriados
   523 | D        | Reached XP level 7. HP: 81/81 MP: 11/11
   529 | D        | Paralysed by a floating eye for 4 turns
   537 | D        | Reached skill level 5 in Stealth
   656 | D        | Noticed a rime drake
   660 | D        | Reached skill level 9 in Fighting
   661 | D        | Killed a rime drake
   662 | D        | Reached XP level 8. HP: 43/93 MP: 13/13
  1200 | D        | Noticed a molten gargoyle
  1200 | D        | Noticed a lindwurm
  1212 | D        | Killed a molten gargoyle
  1213 | D        | Reached skill level 10 in Fighting
  1219 | D        | Slain by a lindwurm

Illustrated notes

Levels and vault maps discovered:
D:        pitsprint [storerooms_1, entrance_room_1, metal_vault_1, armoury_2,
          mini_pit_1, grid_room_1, main_hall_1, silver_pit, the_coven_1,
          the_vestibule_1, steel_vault_2, golden_pit, hallway_of_sentries,
          crystal_vault_3, iron_vault_3, final_vault]

Skill      XL: |  1  2  3  4  5  6  7  8 |
---------------+-------------------------+-----
Fighting       | 3 4 5 7 8 9 10 | 10.4
Dodging        | 2 4 5 6 7 |  7.4
Stealth        | 1 2 3 4 6 |  6.4
Invocations    | 1 3 5 6 7 8 |  8.2
Maces & Flails | 1 2 4 5 6 |  6.9
Throwing       | 5 6 7 8 |  8.6

Action                   |  1- 3 |  4- 6 |  7- 9 || total
-------------------------+-------+-------+-------++-------
Melee: Mace              |    19 |    25 |    31 ||    75
       Short sword       |     3 |       |       ||     3
       Dire flail        |       |       |     5 ||     5
Throw: Large rock        |     6 |     7 |     5 ||    18
       Throwing net      |       |     2 |     1 ||     3
Invok: Slouch            |       |       |     1 ||     1
  Use: Potion            |       |       |     2 ||     2
 Stab: Held in net/web   |       |       |     1 ||     1
Armor: Robe              |     9 |     6 |    10 ||    25
Dodge: Dodged            |    24 |    29 |    35 ||    88

Table legend: (Time is in decaauts)
 A = Elapsed time spent in this place.
 B = Non-inter-level travel time spent in this place.
 C = Inter-level travel time spent in this place.
 D = Time resting spent in this place.
 E = Time spent auto-exploring this place.
 F = Levels seen in this place.
 G = Mean time per level.
                   A        B        C        D        E       F      G
               +--------+--------+--------+--------+--------+-----+--------+
         Total |   1471 |   1387 |     84 |    737 |      0 |   1 | 1471.0 |
       Dungeon |   1471 |   1387 |     84 |    737 |      0 |   1 | 1471.0 |
               +--------+--------+--------+--------+--------+-----+--------+

Top non-repeatable levels by time:
       D: 1471 daAuts
